 Dungeon Crawl Stone Soup version 0.27-a0-46-g34d46f0a3f (webtiles) character file.

Game seed: 3772540275166237560

142 Borgoz the Ruffian (level 5, -8/45 HPs)
             Began as a Ghoul Gladiator on Jan 7, 2021.
             Killed by divine providence
             ... invoked by an orc priest
              (10 damage)
             ... on level 2 of the Dungeon.
             The game lasted 00:01:25 (843 turns).

Borgoz the Ruffian (Ghoul Gladiator)                 Turns: 843, Time: 00:01:26

Health: -8/45      AC:  6    Str: 19    XL:     5   Next: 25%
Magic:  4/4        EV: 12    Int:  3    God:
Gold:   88         SH:  0    Dex: 10    Spells: 4/4 levels left

rFire    . . .     SeeInvis .     - Unarmed
rCold    + . .     Faith    .   (no shield)
rNeg     + + +     Spirit   .   f - +0 ring mail
rPois    ∞         Reflect  .   b - +0 helmet
rElec    .         Harm     .   (no cloak)
rCorr    .         Rampage  .   (no gloves)
Will     .....                  (no boots)
Stlth    ..........             (no amulet)
HPRegen  0.00/turn              (no ring)
MPRegen  0.09/turn              (no ring)

@: hasted, very quick
A: claws 1, cold resistance 1, negative energy resistance 3, inhibited
regeneration, torment resistance, unbreathing
a: no special abilities


You were on level 2 of the Dungeon.
You visited 1 branch of the dungeon, and saw 2 of its levels.

You collected 88 gold pieces.

Inventory:

Missiles
 c - 2 throwing nets (quivered)
Armour
 b - a +0 helmet (worn)
 f - a +0 ring mail (worn)
Scrolls
 a - 3 scrolls of identify


   Skills:
 + Level 3.4 Fighting
 - Level 1.7 Throwing
 + Level 1.9 Armour
 + Level 3.5 Dodging
 + Level 4.2 Unarmed Combat


You had 4 spell levels left.
You didn't know any spells.
Your spell library was empty.

Dungeon Overview and Level Annotations

Branches:
Dungeon (1/15)

Altars:


Innate Abilities, Weirdness & Mutations

You thrive by killing the living.
You are immune to poison.
You have sharp fingernails.
Your flesh is cold resistant. (rC+)
You are immune to negative energy. (rN+++)
You do not regenerate when monsters are visible.
You are immune to unholy pain and torment.
You can survive without breathing.


Message History

You throw a throwing net. The throwing net hits the orc warrior.
The orc warrior is caught in the net!
The orc warrior is severely wounded.
You claw the orc warrior!
You kill the orc warrior!
You feel better.
Your Fighting skill increases to level 3!
Your Unarmed Combat skill increases to level 4!
You have reached level 4!
You have reached level 5!
You feel stronger.
You closely miss the orc priest. The orc priest hits you with a +0 mace.
* * * LOW HITPOINT WARNING * * *
You scratch the orc priest.
The orc priest is moderately wounded.
You scratch the orc priest.
The orc priest is moderately wounded.
The orc priest calls down the wrath of Beogh upon you.
Beogh smites you!
You die...

.# ..# ..# ####..#
......# .....##
.#######.....#
.....oo@.....#
.#######.....# #.#
#....## ..
#.#######...## ..#
##>#.........#
..#####..#.#####.#.#
. #.#.#.#.#.# #.#.#
.###...##.#.# #.#.#
............#####.#.#


You could see an orc priest and an orc.

Vanquished Creatures
  An orc warrior (D:2)
  A gnoll (D:1)
  A worm (D:2)
  4 leopard geckos (D:1)
  7 bats (D:1)
  2 giant cockroaches
  3 goblins
  5 hobgoblins (D:1)
  4 kobolds (D:1)
  2 frilled lizards (D:1)
  2 rats (D:1)
32 creatures vanquished.

Notes
Turn   | Place    | Note
-------+----------+-------------------------------------------
     0 | D:1      | Borgoz the Ghoul Gladiator began the quest for the Orb.
     0 | D:1      | Reached XP level 1. HP: 17/17 MP: 0/0
    25 | D:1      | Reached XP level 2. HP: 16/25 MP: 1/1
   235 | D:1      | Reached XP level 3. HP: 30/30 MP: 2/2
   297 | D:1      | Reached skill level 1 in Armour
   696 | D:1      | You fall into a shaft and drop 1 floor!
   814 | D:2      | Noticed an orc warrior
   837 | D:2      | HP: 1/30 [orc warrior/+0 war axe (11)]
   840 | D:2      | Killed an orc warrior
   841 | D:2      | Reached skill level 4 in Unarmed Combat
   841 | D:2      | Reached XP level 4. HP: 6/38 MP: 3/3
   841 | D:2      | Reached XP level 5. HP: 7/45 MP: 4/4
   843 | D:2      | Killed from afar by an orc priest

Illustrated notes

Levels and vault maps discovered:
D:1:      dpeg_arrival_round_a, layout_rooms, minmay_misc_feat_columns
D:2:      layout_loops_ring, lemuel_doored_altar, uniq_natasha, uniq_sigmund

Skill      XL: |  1  2  3 |
---------------+----------+-----
Armour         | 1 |  1.9
Dodging        | 3 |  3.5
Fighting       | 3 |  3.4
Unarmed Combat | 4 |  4.2
Throwing       | |  1.7

Action                   |  1- 3 |  4- 6 || total
-------------------------+-------+-------++-------
Melee: Unarmed           |   111 |     3 ||   114
       Punch             |     1 |       ||     1
Throw: Throwing net      |     1 |       ||     1
  Use: Potion            |     3 |       ||     3
       Scroll            |     2 |       ||     2
Armor: Leather armour    |     9 |       ||     9
       Ring mail         |    28 |       ||    28
Dodge: Dodged            |    85 |       ||    85

Table legend: (Time is in decaauts)
 A = Elapsed time spent in this place.
 B = Non-inter-level travel time spent in this place.
 C = Inter-level travel time spent in this place.
 D = Time resting spent in this place.
 E = Time spent auto-exploring this place.
 F = Levels seen in this place.
 G = Mean time per level.
                   A        B        C        D        E       F      G
               +--------+--------+--------+--------+--------+-----+--------+
         Total |    832 |    822 |     10 |    112 |    498 |   2 |  416.0 |
       Dungeon |    832 |    822 |     10 |    112 |    498 |   2 |  416.0 |
               +--------+--------+--------+--------+--------+-----+--------+

Top non-repeatable levels by time:
     D:1: 690 daAuts
     D:2: 142 daAuts
